 Dungeon Crawl Stone Soup version 0.29.1-1-gd02db6906a (webtiles) character file.

Game seed: 3200021756564070832

32 mortz the Digger (level 3, 0/19 HPs)
             Began as a Kobold Earth Elementalist on Sept 25, 2022.
             Slain by Crazy Yiuf
             ... wielding a +4 quarterstaff of chaos
              (10 damage)
             ... on level 2 of the Dungeon.
             The game lasted 00:07:37 (1427 turns).

mortz the Digger (Kobold Earth Elementalist)        Turns: 1427, Time: 00:07:39

Health: 0/19       AC:  2    Str:  5    XL:     3   Next: 45%
Magic:  3/6        EV: 14    Int: 18    God:
Gold:   22         SH:  6    Dex: 15    Spells: 5/6 levels left

rFire   . . .      SeeInvis .   f - +0 dagger
rCold   . . .      Faith    .   k - +2 buckler
rNeg    . . .      Spirit   .   a - +0 robe
rPois   .          Reflect  .   (no helmet)
rElec   .          Harm     .   (no cloak)
rCorr   .          Rampage  .   (no gloves)
Will    .....                   (no boots)
Stlth   +++.......              (no amulet)
HPRegen 0.06/turn               (no ring)
MPRegen 0.10/turn               (no ring)

@: invisible
A: small, no large weapons, nightstalker 3
a: no special abilities


You were on level 2 of the Dungeon.
You visited 1 branch of the dungeon, and saw 2 of its levels.

You collected 22 gold pieces.

Inventory:

Hand Weapons
 d - a +0 short sword
 f - a +0 dagger (weapon)
 h - a +0 dagger
Missiles
 l - 4 poisoned darts
Armour
 a - a +0 robe (worn)
 k - a +2 buckler (worn)
Scrolls
 i - a scroll of teleportation
Potions
 b - 2 potions of magic
 j - a potion of lignification {unknown}
 m - 2 potions of curing


   Skills:
 + Level 2.7 Dodging
 + Level 3.2 Stealth
 * Level 0.3 Shields
 + Level 2.2 Spellcasting
 + Level 1.0 Transmutations
 + Level 3.7 Earth Magic


You had 5 spell levels left.
You knew the following spells:

 Your Spells              Type           Power      Damage    Failure   Level
a - Sandblast             Erth           30%        2d9       6%          1

Your spell library contained the following spells:

 Spells                   Type           Power      Damage    Failure   Level
 Passwall                 Tmut/Erth      8%         N/A       16%         2
 Stone Arrow              Conj/Erth      16%        3d8       36%         3
 Petrify                  Tmut/Erth      10%        N/A       71%         4
 Fireball                 Conj/Fire      1%         3d3       100%        5
 Iskenderun's Battlesphe  Conj           2%         2d6       100%        5
 Conjure Ball Lightning   Conj/Air       1%         3x3d6     100%        6
 Orb of Destruction       Conj           1%         9d5       100%        7


Dungeon Overview and Level Annotations

Branches:
Dungeon (2/15) Zot: 10546

Altars:

Shops:
D:1 :

Annotations:
D:2 Crazy Yiuf


Innate Abilities, Weirdness & Mutations

You are small and have problems with some larger weapons.
You are completely attuned to the shadows.


Message History

You kill the worm!
Done exploring.
There is a stone staircase leading down here.
You climb downwards.
There is a stone staircase leading up here.
You open the door.
There is an open door here.
An endoplasm comes into view.
Found two hammers.
The endoplasm quivers.
The blast of sand hits the endoplasm!
You kill the endoplasm!
You start resting.
Magic restored.
You see here a +0 hammer.
You see here a +0 hammer.
You hit the fungus.
The fungus begins to die.
You hit the fungus but do no damage. You hit the fungus. You hit the fungus.
A nearby fungus withers and dies.
Found a runed translucent door.
Found a hammer.
You open the door.
There is an open translucent door here.
Crazy Yiuf shouts!
You block Crazy Yiuf's attack.
The blast of sand hits Crazy Yiuf.
Crazy Yiuf is moderately wounded.
Crazy Yiuf barely misses you. x2
The blast of sand hits Crazy Yiuf.
Crazy Yiuf is heavily wounded.
Crazy Yiuf hits you with a +4 quarterstaff of chaos!
You fade into invisibility!
The blast of sand hits Crazy Yiuf.
Crazy Yiuf is almost dead.
Crazy Yiuf whimpers, "East!"
You block Crazy Yiuf's attack.
Crazy Yiuf hits you with a +4 quarterstaff of chaos!
Ouch! That really hurt!
You die...

..........
#####<$...
####.#
#####
#)g.#
#.@.#
#...#
##'## #.##
##.# #.##
##.# ##.##
##PP.#


You could see Crazy Yiuf (unable to see you).

Vanquished Creatures
  A worm (D:1)
  2 ball pythons (D:1)
  4 endoplasms
  3 giant cockroaches (D:1)
  2 goblins (D:1)
  3 hobgoblins (D:1)
  5 kobolds (D:1)
  A bat (D:1)
  3 frilled lizards (D:1)
  3 rats (D:1)
27 creatures vanquished.

Vanquished Creatures (others)
  A fungus (D:2)
1 creature vanquished.

Grand Total: 28 creatures vanquished

Notes
Turn   | Place    | Note
-------+----------+-------------------------------------------
     0 | D:1      | mortz the Kobold Earth Elementalist began the quest for the
                  | Orb.
     0 | D:1      | Reached XP level 1. HP: 10/10 MP: 3/3
    94 | D:1      | Found Buoteusu's Vocational Training.
   124 | D:1      | Reached XP level 2. HP: 15/15 MP: 1/5
   431 | D:1      | Found a faded altar of an unknown god.
   456 | D:1      | Reached XP level 3. HP: 19/19 MP: 6/6
   778 | D:1      | Found Buoteusu's Vocational Training.
   882 | D:1      | Found a faded altar of an unknown god.
  1417 | D:2      | Found a runed translucent door.
  1420 | D:2      | Noticed Crazy Yiuf
  1427 | D:2      | Slain by Crazy Yiuf

Illustrated notes

Levels and vault maps discovered:
D:1:      lightli_arrival_boilingwater, layout_rooms,
          ebering_ecumenical_altar_rust, nicolae_shop_vocational
D:2:      layout_basic, uniq_crazy_yiuf_cottage, uniq_natasha

Skill      XL: |  1  2  3 |
---------------+----------+-----
Stealth        | 3 |  3.2
Dodging        | |  2.7
Shields        | |  0.3
Spellcasting   | |  2.2
Transmutations | |  1.0
Earth Magic    | |  3.7

Action                   || total
-------------------------++-------
Melee: Dagger            ||    11
 Cast: Sandblast         ||    30
  Use: Scroll            ||     4
 Stab: Sleeping          ||     7
Armor: Robe              ||     2
Dodge: Dodged            ||    11
Block: Buckler           ||     3
